 Dungeon Crawl Stone Soup version 0.19.1 (webtiles) character file.

956 empire the Firebug (level 7, -5/56 HPs)
             Began as a Black Draconian Fire Elementalist on Dec 8, 2016.
             Killed by divine providence
             ... invoked by an orc priest
              (16 damage)
             ... on level 7 of the Dungeon.
             The game lasted 00:15:41 (4224 turns).

empire the Firebug (DrFE)                           Turns: 4224, Time: 00:15:41

Health: -5/56      AC:  6    Str:  9 (10) XL:     7   Next: 91%
Magic:  3/13       EV: 12    Int: 17      God:
Gold:   277        SH:  0    Dex: 12      Spells: 3 memorised, 4 levels left

rFire  . . .     SeeInvis .     a - +2 hand axe (chop)
rCold  . . .     Gourm    +     (armour unavailable)
rNeg   . . .     Faith    .     (no shield)
rPois  .         Spirit   .     (helmet restricted)
rElec  +         Reflect  .     (no cloak)
rCorr  .         Harm     .     (no gloves)
MR     .....                    (no boots)
Stlth  ++........               c - amulet of the gourmand
                                (no ring)
                                (no ring)

@: very slightly contaminated, heavily drained
A: breathe lightning, unfitting armour, deterioration 1, electricity resistance,
cold-blooded, AC +6
a: Breathe Lightning


You were on level 7 of the Dungeon.
You were not hungry.

You visited 2 branches of the dungeon, and saw 8 of its levels.

You collected 305 gold pieces.
You spent 28 gold pieces at shops.

Inventory:

Hand Weapons
 a - a +2 hand axe of chopping (weapon)
 f - a +0 flail of draining
Missiles
 b - 13 arrows
Armour
 g - a +2 scale mail of fire resistance
Jewellery
 c - an amulet of the gourmand (around neck)
Wands
 x - a wand of random effects (25/48)
Scrolls
 e - 2 scrolls of blinking {unknown}
 h - a scroll of identify
 n - 2 scrolls of teleportation
 p - 2 scrolls of remove curse
Potions
 m - a potion of might {unknown}
 q - 2 potions of haste
 s - a potion of invisibility {unknown}
Books
 d - a book of Flames

   Spells                             Type                      Level
   a - Flame Tongue                   Conjuration/Fire             1
   b - Throw Flame                    Conjuration/Fire             2
   c - Conjure Flame                  Conjuration/Fire             3
   d - Inner Flame                    Hexes/Fire                   3
   e - Sticky Flame                   Conjuration/Fire             4
   f - Fireball                       Conjuration/Fire             5
 o - a book of Death

   Spells                             Type                      Level
   a - Corpse Rot                     Necromancy                   2
   b - Sublimation of Blood           Necromancy                   2
   c - Agony                          Necromancy                   5
   d - Dispel Undead                  Necromancy                   5
   e - Excruciating Wounds            Charms/Necromancy            5
   f - Bolt of Draining               Conjuration/Necromancy       5
Comestibles
 j - 3 bread rations
 t - 2 slices of pizza
 v - a fruit


   Skills:
 - Level 2.3(0.4) Fighting
 - Level 2.0(0.2) Axes
 - Level 3.1(1.1) Dodging
 - Level 4.0(2.0) Stealth
 + Level 4.4(2.4) Spellcasting
 + Level 3.6(1.6) Conjurations
 + Level 5.0(2.9) Fire Magic


You had 4 spell levels left.
You knew the following spells:

 Your Spells              Type           Power        Failure   Level  Hunger
a - Flame Tongue          Conj/Fire      #....        10%         1    #......
b - Sticky Flame          Conj/Fire      #.......     82%         4    #####..
c - Fireball              Conj/Fire      #.........   99%         5    ######.


Dungeon Overview and Level Annotations

Branches:
Dungeon (8/15)             Temple (1/1) D:4
   Lair: D:8-11

Altars:
Ashenzari
Cheibriados
Dithmenos
Elyvilon
Fedhas
Gozag
Hepliaklqana
Kikubaaqudgha
Makhleb
Nemelex Xobeh
Okawaru
Qazlal
Ru
Sif Muna
Trog
Uskayaw
Vehumet
Xom
Yredelemnul
Zin
The Shining One

Shops:
D:7 *

Annotations:
D:5 Dowan, Duvessa


Innate Abilities, Weirdness & Mutations

You can breathe wild blasts of lightning.
Your glossy black scales are hard. (AC +6)
You cannot fit into any form of body armour.
You are resistant to electric shocks. (rElec)
You are cold-blooded and may be slowed by cold attacks.
Your body sometimes deteriorates upon taking damage.


Message History

You miscast Flame Tongue.
You are very lightly contaminated with residual magic.
Nothing appears to happen.
The orc barely misses you.
Casting: Flame Tongue
Confirm with . or Enter, or press ? or * to list all spells.
The spell is very dangerous to cast!
Continue anyway?
Aiming: Sticky Flame
Press: ? - help, Shift-Dir - straight line, f/p - orc
Aim: an orc, wielding a whip of holy wrath and wearing a ring mail You miscast Sticky Flame.
You are blasted with fire.
The orc hits you but does no damage. The orc barely misses you.
The orc barely misses you.
You open the door. The orc barely misses you.
The orc priest calls down the wrath of Beogh upon you.
Beogh smites you!
* * * LOW HITPOINT WARNING * * *
The orc closely misses you.
The orc priest mumbles some strange prayers to Beogh against you.
Beogh smites you!
You die...

########.#
#.o...>..#
#.###'####
#.#..)..#
#.#.♣)♣.#
#.'..o..+
#.#.♣.♣.#
#.#.oo..#
# ###@###
#.# ...
#####


You could see an orc priest and 2 orcs.

Vanquished Creatures
  Menkaure (D:5)
  Edmund (D:5)
  An ogre (D:4)
  A sky beast (D:3)
  A scorpion (D:4)
  A howler monkey (D:4)
  5 crimson imps
  A hound (D:4)
  3 orc wizards
  A hound skeleton (D:8)
  3 gnolls (D:5)
  An adder (D:3)
  An adder skeleton (D:4)
  2 worms
  A dart slug (D:1)
  4 leopard geckos
  11 orcs
  6 hobgoblins
  9 kobolds
  A ball python (D:2)
  4 bats
  7 frilled lizards
  15 goblins
  A quokka skeleton (D:4)
  43 rats
125 creatures vanquished.

Notes
Turn   | Place    | Note
-------+----------+-------------------------------------------
     0 | D:1      | empire the Draconian Fire Elementalist began the quest for the Orb.
     0 | D:1      | Reached XP level 1. HP: 14/14 MP: 3/3
   181 | D:1      | Reached XP level 2. HP: 20/20 MP: 5/5
   510 | D:2      | Reached XP level 3. HP: 11/26 MP: 0/6
  1146 | D:2      | Reached XP level 4. HP: 31/33 MP: 8/8
  1625 | D:3      | Found a shimmering altar of Xom.
  1675 | D:3      | Reached XP level 5. HP: 17/39 MP: 7/9
  1693 | D:3      | Learned a level 4 spell: Sticky Flame
  1761 | D:3      | Reached skill level 1 in Fighting
  1831 | D:3      | Noticed a sky beast
  1842 | D:3      | Killed a sky beast
  1842 | D:3      | Reached skill level 1 in Axes
  1842 | D:3      | Reached XP level 6. HP: 38/47 MP: 9/11
  2007 | D:3      | Gained mutation: Your body sometimes deteriorates upon taking damage. [mutagenic meat]
  2080 | D:3      | Learned a level 5 spell: Fireball
  2536 | D:4      | Reached skill level 4 in Fire Magic
  2802 | D:4      | Your scales start taking on a glossy black colour.
  2802 | D:4      | Reached XP level 7. HP: 7/55 MP: 10/12
  2802 | D:4      | Gained mutation: You are resistant to electric shocks. (rElec) [Black Draconian growth]
  3202 | D:4      | Found a snail-covered altar of Cheibriados.
  3240 | D:4      | Found a staircase to the Ecumenical Temple.
  3249 | Temple   | Entered the Ecumenical Temple
  3717 | D:5      | Entered Level 5 of the Dungeon
  3717 | D:5      | Noticed Menkaure
  3722 | D:5      | Killed Menkaure
  3841 | D:5      | Noticed Dowan
  3843 | D:5      | Noticed Duvessa
  3962 | D:5      | Noticed Edmund
  3990 | D:5      | Killed Edmund
  4170 | D:5      | You fall through a shaft for 3 floors!
  4180 | D:8      | Reached skill level 5 in Fire Magic
  4207 | D:7      | Found Zeofuemp's General Store.
  4213 | D:7      | Bought a scroll of identify for 28 gold pieces
  4224 | D:7      | Killed from afar by an orc priest

Skill      XL: |  1  2  3  4  5  6  7 |
---------------+----------------------+-----
Dodging        | 2 3 |  3.1
Stealth        | 2 3 4 |  4.0
Spellcasting   | 3 4 |  4.4
Conjurations   | 2 3 |  3.6
Fighting       | 1 2 |  2.3
Axes           | 1 2 |  2.0
Fire Magic     | 4 5 |  5.0

Action                   |  1- 3 |  4- 6 |  7- 9 || total
-------------------------+-------+-------+-------++-------
Melee: Dagger            |    68 |       |       ||    68
       Unarmed           |     7 |       |       ||     7
       Tailslap          |    10 |    11 |     4 ||    25
       Hand axe          |    61 |   124 |    42 ||   227
 Cast: Flame Tongue      |    20 |    35 |    17 ||    72
       Sticky Flame      |       |     1 |     5 ||     6
Evoke: Wand              |       |       |     2 ||     2
  Use: Scroll            |     4 |     6 |     1 ||    11
       Potion            |       |       |     5 ||     5
 Stab: Sleeping          |     2 |     4 |     1 ||     7
  Eat: Chunk             |    13 |     7 |     1 ||    21
Armor: Skin              |    56 |    39 |    10 ||   105
Dodge: Dodged            |   100 |    91 |    42 ||   233
